 Dungeon Crawl Stone Soup version 0.31-a0-1469-gd420192249 (webtiles) character file.

Game seed: 14846241584448102118

51289 whatisthis the Spear-Bearer (level 14, -11/111 HPs)
             Began as a Gnoll Reaver on Dec 28, 2023.
             Was a High Priest of Nemelex Xobeh.
             Killed from afar by an ice dragon (34 damage)
             ... with a blast of cold
             ... on level 5 of the Lair of Beasts.
             The game lasted 02:00:57 (24679 turns).

whatisthis the Spear-Bearer (Gnoll Reaver)         Turns: 24679, Time: 02:00:59

Health: -11/111    AC: 10    Str: 16    XL:     14   Next: 59%
Magic:  27/28      EV: 19    Int: 12    God:    Nemelex Xobeh [*****.]
Gold:   1049       SH: 11    Dex: 12    Spells: 27/34 levels left

rFire   + . .        a - +2 trident (venom)
rCold   . . .        L - +0 kite shield
rNeg    . . .        v - +3 leather armour {rPois}
rPois   +            z - +2 hat
rElec   .            (no cloak)
rCorr   .            Q - +0 pair of gloves
SInv    .            (no boots)
Will    +....        X - amulet of regeneration
Stlth   ++++         x - +5 ring of evasion
HPRegen 1.18/turn    S - ring of protection from fire
MPRegen 0.21/turn

%: no passive effects
@: no status effects
A: fangs 1, strong nose, distributed training
a: Renounce Religion, Draw Escape, Draw Destruction, Draw Summoning, Draw Stack,
Triple Draw, Deal Four, Stack Five


You were on level 5 of the Lair of Beasts.
You worshipped Nemelex Xobeh.
Nemelex Xobeh was extremely pleased with you.
You visited 2 branches of the dungeon, and saw 17 of its levels.
You also visited: Sewer.

You collected 1049 gold pieces.

Inventory:

Hand Weapons
 a - a +2 trident of venom (weapon)
 b - a +5 spear of freezing
Missiles
 e - 9 throwing nets
 n - 18 poisoned darts (quivered)
 D - 103 stones
 I - 27 boomerangs
 K - 5 curare-tipped darts
Armour
 f - a +1 ring mail of willpower
 v - a +3 leather armour of poison resistance (worn)
 z - a +2 hat (worn)
 L - a +0 kite shield (worn)
 Q - a +0 pair of gloves (worn)
Jewellery
 x - a +5 ring of evasion (left hand)
 F - the ring "Cakah" {AC+4 Str-3 Dex+8}
   (You took it off a gnoll on level 6 of the Dungeon)

   [ring of protection]

   AC+4:      It affects your AC (+4).
   Str-3:     It affects your strength (-3).
   Dex+8:     It affects your dexterity (+8).
 P - a ring of resist corrosion
 S - a ring of protection from fire (right hand)
 T - a ring of wizardry
 X - an amulet of regeneration (around neck)
 Y - a ring of wizardry
 Z - a ring of magical power
Wands
 J - a wand of paralysis (7)
 M - a wand of iceblast (11)
 N - a wand of digging (3)
 U - a wand of mindburst (7)
Scrolls
 d - 2 scrolls of butterflies
 i - 5 scrolls of enchant armour
 j - 3 scrolls of revelation
 k - 3 scrolls of poison
 m - 3 scrolls of silence
 p - 4 scrolls of fog
 q - 5 scrolls of blinking
 s - 2 scrolls of fear
 w - 2 scrolls of teleportation {unknown}
 y - 2 scrolls of enchant weapon {unknown}
 B - 4 scrolls of vulnerability
 H - 2 scrolls of noise {unknown}
 R - 2 scrolls of immolation {unknown}
 V - a scroll of brand weapon {unknown}
Potions
 c - 10 potions of curing
 g - 4 potions of heal wounds
 h - 4 potions of magic
 l - 3 potions of lignification {unknown}
 o - 4 potions of mutation
 r - 3 potions of haste {unknown}
 t - 3 potions of might {unknown}
 u - 6 potions of invisibility
 A - 2 potions of resistance {unknown}
 C - 3 potions of brilliance {unknown}
 E - 2 potions of enlightenment {unknown}
 G - a potion of cancellation {unknown}
 O - 2 potions of berserk rage {unknown}
 W - a potion of attraction {unknown}


   Skills:
 + Level 10.7 Fighting
 + Level 9.7 Short Blades
 + Level 9.7 Long Blades
 + Level 9.7 Axes
 + Level 9.7 Maces & Flails
 + Level 11.6 Polearms
 + Level 9.7 Staves
 + Level 9.7 Ranged Weapons
 + Level 9.7 Throwing
 + Level 9.7 Armour
 + Level 10.7 Dodging
 + Level 9.7 Stealth
 + Level 9.7 Shields
 + Level 9.7 Unarmed Combat
 + Level 10.9 Spellcasting
 + Level 9.8 Conjurations
 + Level 8.1 Hexes
 + Level 8.1 Summonings
 + Level 8.1 Necromancy
 + Level 8.1 Translocations
 + Level 8.1 Fire Magic
 + Level 8.1 Ice Magic
 + Level 8.1 Air Magic
 + Level 8.1 Earth Magic
 + Level 8.1 Alchemy
 + Level 10.5 Invocations
 + Level 9.7 Evocations
 + Level 8.9 Shapeshifting


You had 27 spell levels left.
You knew the following spells:

 Your Spells              Type           Power      Damage    Failure   Level
a - Kiss of Death         Conj/Necr      100%       2d13      1%          1
b - Hailstorm             Conj/Ice       28%        3d8       2%          3
c - Ozocubu's Armour      Ice            26%        N/A       3%          3

Your spell library contained the following spells:

 Spells                   Type           Power      Damage    Failure   Level
 Shock                    Conj/Air       100%       1d9       1%          1
 Call Imp                 Summ           52%        N/A       1%          2
 Cigotuvi's Dreadful Rot  Necr/Alch/Air  52%        N/A       1%          2
 Momentum Strike          Conj/Tloc      56%        3d9       1%          2
 Scorch                   Fire           52%        2d7       1%          2
 Sublimation of Blood     Necr           26%        N/A       1%          2
 Summon Ice Beast         Ice/Summ       26%        N/A       3%          3
 Swiftness                Air            26%        N/A       3%          3
 Tukima's Dance           Hex            26%        N/A       3%          3
 Flame Wave               Conj/Fire      28%        2d9       7%          4
 Iskenderun's Mystic Bla  Conj/Tloc      28%        2d7       7%          4
 Airstrike                Air            13%        2d(2-18)  10%         4
 Dimensional Bullseye     Hex/Tloc       13%        N/A       10%         4
 Dispel Undead            Necr           26%        3d13      10%         4
 Martyr's Knell           Necr/Summ      26%        N/A       10%         4
 Death Channel            Necr           13%        N/A       83%         6
 Summon Cactus Giant      Summ           13%        N/A       83%         6
 Summon Hydra             Summ           13%        N/A       100%        7
 Chain Lightning          Conj/Air       14%        3d18      100%        9


Dungeon Overview and Level Annotations

Branches:
Dungeon (12/15)            Temple (0/1) D:5            Lair (5/5) D:11
 Shoals (0/4) Lair:3        Snake (0/4) Lair:2        Slime (0/5) Lair:4
  Sewer (visited)
    Orc: D:9-12

Altars:
Ashenzari
Elyvilon
Nemelex Xobeh
Ru
Jiyva

Shops:
D:4 [[   D:5 ?*[   D:9 **

Annotations:
D:4 Grinder
Lair:1 3 runed translucent doors, Neqioxon's ghost, journeyman MiFi; Sonofthefire's ghost, journeyman OpSh; hgbash's ghost, novice TrFi; xnavy's ghost, journeyman OpSh


Innate Abilities, Weirdness & Mutations

You have very sharp teeth.
Your uncanny sense of smell can sniff out nearby items.
Your experience applies equally to all skills.


Message History

The ice dragon closely misses you.
The ice dragon claws you but does no damage.
The ice dragon tramples you!
You hold your ground!
You hit the ice dragon.
The ice dragon is moderately wounded.
The ice dragon bites you but does no damage.
The ice dragon claws you! The ice dragon barely misses you.
You barely miss the ice dragon.
The ice dragon is moderately wounded.
You block the ice dragon's attack.
The ice dragon claws you but does no damage.
The ice dragon tramples you but does no damage.
You puncture the ice dragon!
The ice dragon is moderately wounded.
The ice dragon breathes frost at you. The blast of cold hits you!!!
* * * LOW HITPOINT WARNING * * *
As you read the scroll of fear, it crumbles to dust.
You assume a fearsome visage.
The ice dragon easily resists.
The ice dragon misses you. You block the ice dragon's attack. x2
Press: ? - help, v - describe, . - travel
Here: an ice dragon (moderately wounded, poisoned)
The floor, spattered with blood.
Unknown command.
Okay, then.
You draw a card...
You have drawn the Tomb.
Nothing appears to happen.
The ice dragon closely misses you. The ice dragon claws you.
* * * LOW HITPOINT WARNING * * *
The ice dragon barely misses you.
You draw a card...
You have drawn the Rangers.
The ice dragon misses you. The ice dragon completely misses you.
You block the ice dragon's attack.
You swap places.
Your icy armour cracks and falls away as you move.
Your centaur warrior hits the ice dragon but does no damage.
Your centaur warrior barely misses the ice dragon.
The ice dragon breathes frost at you.
The blast of cold hits your centaur warrior!!!
The blast of cold hits you!!
You die...
Your body disappears without a glow.

#...#### #...# ∆
##...#.####...⌠# ∆∆
##...#.##...# ∆∆∆∆
####........# ∆∆ ∆
#.#.[.....######∆∆∆∆
##†.....#.##..8# ∆∆
#....###.##...[##∆
...†## ####.....## #
..#..#### ###..#@# (#
###.....###....#c##D#
# ##..........##D#.$#
#####....#####.#
###### ###


You could see an ice dragon (poisoned, catching breath, ally target) and a
friendly centaur warrior (summoned).

Vanquished Creatures
  A fire dragon (Lair:5)
  4 hydras
  2 two-headed ogres
  2 boulder beetles
  9 death yaks
  A skyshark (Lair:4)
  A swamp dragon (Lair:5)
  A harpy (Lair:3)
  2 lindwurms (Lair:5)
  A salamander (Lair:2)
  3 elephants (Lair:5)
  Joseph (D:9)
  7 black mambas
  5 torpor snails (Lair:5)
  15 cane toads
  A gargoyle (D:7)
  5 rime drakes
  11 komodo dragons
  2 trolls (D:10)
  6 hornets (Lair:5)
  A polar bear (Lair:4)
  3 tyrant leeches (Lair:5)
  4 blink frogs (Lair:2)
  2 slime creatures (D:7)
  A shadow (D:11)
  4 wyverns
  47 yaks
  A wraith (D:11)
  Eustachio (D:6)
  3 vampire mosquitoes (D:11)
  2 steam dragons
  3 basilisks
  4 acid dragons
  21 water moccasins
  An ice beast (D:6)
  8 orc warriors
  A swamp drake (Lair:5)
  2 sky beasts
  4 black bears
  3 centaurs
  19 wolves
  A phantom (D:5)
  Blork the orc (D:4)
  4 kobold brigands
  A brain worm (Sewer)
  7 bullfrogs
  4 scorpions
  7 gnoll sergeants
  14 wights
  11 killer bees
  3 bombardier beetles (D:6)
  5 howler monkeys
  3 lava snakes (Lair:2)
  5 jellies
  5 hounds
  7 orc priests
  5 gnoll boudas
  Jessica (D:2)
  8 iguanas
  19 orc wizards
  2 hell rats (Lair:5)
  44 gnolls
  11 adders
  A river rat (Sewer)
  2 shadow imps
  3 white imps (D:7)
  2 ufetubi (D:6)
  3 worms
  2 dart slugs
  51 orcs
  6 bats
  10 endoplasms
  5 giant cockroaches
  7 goblins
  5 hobgoblins
  13 jackals
  3 quokkas
  10 ball pythons
  7 frilled lizards
  20 kobolds
  10 rats
543 creatures vanquished.

Vanquished Creatures (collateral kills)
  A cane toad (Lair:5)
  A basilisk (Lair:5)
  A brain worm (Sewer)
  3 killer bees (D:9)
  A howler monkey (D:9)
  A hell rat (Lair:5)
  An adder (Sewer)
  A frilled lizard (Sewer)
10 creatures vanquished.

Vanquished Creatures (others)
  A hell rat (Lair:5)
1 creature vanquished.

Grand Total: 554 creatures vanquished

Notes
Turn   | Place    | Note
-------+----------+-------------------------------------------
     0 | D:1      | whatisthis the Gnoll Reaver began the quest for the Orb.
     0 | D:1      | Reached XP level 1. HP: 20/20 MP: 6/6
   103 | D:1      | Reached XP level 2. HP: 26/26 MP: 7/7
   582 | D:1      | Reached skill level 5 in Spellcasting
   582 | D:1      | Reached XP level 3. HP: 25/31 MP: 7/9
   899 | D:2      | Noticed Jessica
   921 | D:2      | Killed Jessica
   922 | D:2      | Reached skill level 1 in Short Blades
   922 | D:2      | Reached skill level 1 in Long Blades
   922 | D:2      | Reached skill level 1 in Axes
   922 | D:2      | Reached skill level 1 in Maces & Flails
   922 | D:2      | Reached skill level 1 in Staves
   922 | D:2      | Reached skill level 1 in Ranged Weapons
   922 | D:2      | Reached skill level 1 in Throwing
   922 | D:2      | Reached skill level 1 in Armour
   922 | D:2      | Reached skill level 1 in Stealth
   922 | D:2      | Reached skill level 1 in Shields
   922 | D:2      | Reached skill level 1 in Unarmed Combat
   922 | D:2      | Reached skill level 1 in Invocations
   922 | D:2      | Reached skill level 1 in Evocations
   922 | D:2      | Reached skill level 1 in Shapeshifting
   922 | D:2      | Reached XP level 4. HP: 38/38 MP: 11/11
  1110 | D:2      | Found a faded altar of an unknown god.
  1291 | D:2      | Reached skill level 1 in Hexes
  1291 | D:2      | Reached skill level 1 in Summonings
  1291 | D:2      | Reached skill level 1 in Necromancy
  1291 | D:2      | Reached skill level 1 in Translocations
  1291 | D:2      | Reached skill level 1 in Fire Magic
  1291 | D:2      | Reached skill level 1 in Ice Magic
  1291 | D:2      | Reached skill level 1 in Air Magic
  1291 | D:2      | Reached skill level 1 in Earth Magic
  1291 | D:2      | Reached skill level 1 in Alchemy
  1308 | D:2      | Identified the ring of the Twisting Scavenger {*Slow rN+
                  | rCorr Dex+6}
  1797 | D:2      | Prayed at the altar of an unknown god.
  1797 | D:2      | Became a worshipper of Nemelex Xobeh the Trickster
  1797 | D:2      | Reached * piety under Nemelex Xobeh
  1883 | D:3      | Received a gift from Nemelex Xobeh
  1927 | D:3      | Reached XP level 5. HP: 14/43 MP: 12/12
  2225 | D:3      | Found a glowing drain.
  2272 | Sewer    | Entered a sewer
  2588 | Sewer    | Reached XP level 6. HP: 50/50 MP: 13/13
  2885 | Sewer    | Reached skill level 5 in Fighting
  2885 | Sewer    | Reached skill level 5 in Dodging
  3654 | D:4      | Reached ** piety under Nemelex Xobeh
  3686 | D:4      | Noticed a sky beast
  3792 | D:4      | Reached skill level 7 in Polearms
  3792 | D:4      | Reached XP level 7. HP: 53/56 MP: 15/15
  4362 | D:4      | Found Cosopt's Antique Armour Boutique.
  4364 | D:4      | Found Napugrasku's Antique Armour Shoppe.
  4436 | D:4      | Noticed Blork the orc
  4456 | D:4      | Killed Blork the orc
  4582 | D:4      | Noticed Grinder
  4954 | D:5      | Entered Level 5 of the Dungeon
  4998 | D:5      | Found a staircase to the Ecumenical Temple.
  5054 | D:4      | Reached XP level 8. HP: 44/63 MP: 16/16
  5397 | D:5      | Received a gift from Nemelex Xobeh
  5467 | D:5      | Found Doyroim's Armour Shoppe.
  5595 | D:5      | Found a transporter.
  5697 | D:5      | Found a transporter.
  5697 | D:5      | Found Gemasaack's Assorted Antiques.
  5962 | D:5      | Found Ykyzuunn's Magic Scroll Shop.
  6472 | D:6      | Noticed Edmund
  6478 | D:6      | Edmund changed into Edmund the quokka
  6478 | D:6      | Noticed Edmund
  6479 | D:6      | Killed Edmund the quokka
  6614 | D:6      | Noticed Eustachio
  6631 | D:6      | Killed Eustachio
  6936 | D:6      | Found a broken altar of Ashenzari.
  6939 | D:6      | Found a sacrificial altar of Ru.
  6996 | D:6      | Reached XP level 9. HP: 69/69 MP: 18/18
  7253 | D:6      | Identified the ring "Cakah" {AC+4 Str-3 Dex+8}
  8237 | D:6      | Reached skill level 8 in Polearms
  8465 | D:6      | Reached skill level 5 in Invocations
  9389 | D:7      | Noticed a gargoyle
  9639 | D:7      | Reached skill level 5 in Short Blades
  9639 | D:7      | Reached skill level 5 in Long Blades
  9639 | D:7      | Reached skill level 5 in Axes
  9639 | D:7      | Reached skill level 5 in Maces & Flails
  9639 | D:7      | Reached skill level 5 in Staves
  9639 | D:7      | Reached skill level 5 in Ranged Weapons
  9639 | D:7      | Reached skill level 5 in Throwing
  9639 | D:7      | Reached skill level 5 in Armour
  9639 | D:7      | Reached skill level 5 in Stealth
  9639 | D:7      | Reached skill level 5 in Shields
  9639 | D:7      | Reached skill level 5 in Unarmed Combat
  9639 | D:7      | Reached skill level 5 in Evocations
  9639 | D:7      | Reached XP level 10. HP: 67/77 MP: 20/20
  9665 | D:8      | Reached *** piety under Nemelex Xobeh
  9865 | D:7      | Killed a gargoyle
 10141 | D:7      | Identified the +1 robe "Ycoskin" {Str+5}
 10654 | D:8      | Reached skill level 5 in Shapeshifting
 10804 | D:8      | Noticed a two-headed ogre
 11829 | D:8      | Killed a two-headed ogre
 11830 | D:8      | Reached skill level 9 in Polearms
 12255 | D:8      | Reached skill level 5 in Hexes
 12255 | D:8      | Reached skill level 5 in Summonings
 12255 | D:8      | Reached skill level 5 in Necromancy
 12255 | D:8      | Reached skill level 5 in Translocations
 12255 | D:8      | Reached skill level 5 in Fire Magic
 12255 | D:8      | Reached skill level 5 in Ice Magic
 12255 | D:8      | Reached skill level 5 in Air Magic
 12255 | D:8      | Reached skill level 5 in Earth Magic
 12255 | D:8      | Reached skill level 5 in Alchemy
 12353 | D:8      | Reached XP level 11. HP: 66/85 MP: 22/22
 12698 | D:9      | Received a gift from Nemelex Xobeh
 12722 | D:9      | Noticed Erolcha
 12729 | D:9      | Erolcha changed into Erolcha the howler monkey
 12729 | D:9      | Noticed Erolcha
 12729 | D:9      | Killed Erolcha the howler monkey
 12759 | D:9      | Noticed Joseph
 12779 | D:9      | Killed Joseph
 13827 | D:9      | Found Zooneuf's Serpentskin Sales.
 14020 | D:9      | Received a gift from Nemelex Xobeh
 14199 | D:9      | Found Sadwiff's General Store.
 14234 | D:10     | Entered Level 10 of the Dungeon
 14283 | D:9      | HP: 4/86 [yak (4)]
 14704 | D:10     | Noticed a two-headed ogre
 14792 | D:10     | Reached **** piety under Nemelex Xobeh
 14817 | D:10     | Killed a two-headed ogre
 15289 | D:11     | Received a gift from Nemelex Xobeh
 15316 | D:11     | Noticed a boulder beetle
 15326 | D:11     | Killed a boulder beetle
 15327 | D:11     | Reached XP level 12. HP: 94/94 MP: 24/24
 15424 | D:11     | Found a staircase to the Lair.
 16183 | Lair:1   | Entered Level 1 of the Lair of Beasts
 16646 | Lair:1   | Reached skill level 10 in Polearms
 16747 | Lair:1   | Received a gift from Nemelex Xobeh
 16855 | Lair:1   | HP: 1/94 [cane toad (6)]
 17311 | Lair:1   | Reached ***** piety under Nemelex Xobeh
 17988 | Lair:1   | Found a runed translucent gate.
 17988 | Lair:1   | Found a runed translucent gate.
 17988 | Lair:1   | Found a runed translucent gate.
 17990 | Lair:1   | Noticed xnavy's ghost (journeyman OpSh)
 17992 | Lair:1   | Noticed Sonofthefire's ghost (journeyman OpSh)
 17993 | Lair:1   | Noticed hgbash's ghost (novice TrFi)
 17993 | Lair:1   | Noticed Neqioxon's ghost (journeyman MiFi)
 19031 | Lair:2   | Found a white marble altar of Elyvilon.
 19321 | Lair:2   | Learned a level 3 spell: Hailstorm
 19429 | Lair:2   | Received a gift from Nemelex Xobeh
 19567 | Lair:2   | Found a staircase to the Snake Pit.
 19863 | Lair:2   | Reached XP level 13. HP: 86/101 MP: 26/26
 20440 | Lair:3   | Found a staircase to the Shoals.
 21065 | Lair:4   | Got the Precepts of Fumes and Ice
 21073 | Lair:4   | Learned a level 3 spell: Ozocubu's Armour
 21176 | Lair:4   | Received a gift from Nemelex Xobeh
 21212 | Lair:4   | Reached skill level 10 in Spellcasting
 21350 | Lair:4   | Found a viscous altar of Jiyva.
 21350 | Lair:4   | Found a staircase to the Slime Pits.
 21906 | Lair:5   | Entered Level 5 of the Lair of Beasts
 22000 | Lair:4   | Reached skill level 10 in Fighting
 22000 | Lair:4   | Reached skill level 11 in Polearms
 22000 | Lair:4   | Reached skill level 10 in Dodging
 22640 | Lair:4   | Reached skill level 10 in Invocations
 22640 | Lair:4   | Reached XP level 14. HP: 65/110 MP: 26/28
 22842 | Lair:5   | Received a gift from Nemelex Xobeh
 23483 | Lair:5   | Received a gift from Nemelex Xobeh
 24646 | Lair:5   | Received a gift from Nemelex Xobeh
 24679 | Lair:5   | Killed from afar by an ice dragon

Illustrated notes

Levels and vault maps discovered:
D:1:      lightli_arrival_windingriver, layout_loops_ring
D:2:      layout_basic, chequers_ecumenical_altar_grove, uniq_jessica
D:3:      layout_basic, cheibrodos_sewer_entry_bend, serial_glass,
          glass_columns_a, glass_columns_b
D:4:      layout_layer_cave, nicolae_wooded_promenade, uniq_grinder,
          uniq_crazy_yiuf_cottage, uniq_blork_the_orc
D:5:      layout_loops_ring, minmay_temple_entry_tees, serial_shops,
          nicolae_shop_drivethru, shop, kennysheep_little_box
D:6:      layout_basic, nicolae_overflow_hidden_temple, uniq_edmund,
          uniq_eustachio
D:7:      minmay_blocky_corners, layout_loops_ring, serial_demonic,
          serial_demonic_c, serial_demonic_e, serial_demonic_g,
          serial_demonic_g, minmay_a_box_with_orc_wizards_in_it
D:8:      minmay_four_partial_circles, layout_basic, lightli_corner_chamber
D:9:      layout_cave_pools, serial_gnoll_camp, gnoll_camp_mini_basic,
          gnoll_camp_huts_moat, gnoll_camp_mini_shop, gnoll_camp_mini_house,
          gnoll_camp_medium_01, hangedman_decor_diamond_cutter,
          guppyfry_shop_venom, uniq_joseph, uniq_erolcha
D:10:     layout_big_octagon, kennysheep_generic_room_14, uniq_maggie
D:11:     layout_irregular_city, lair_entry_dummy
D:12:     layout_cave_pools, david_orc_2, nicolae_rejected_hall
Lair:1:   layout_cave_pods, gammafunk_ghost_cemetery, beast_lair_carwin_4
Lair:2:   layout_misc_corridors, nicolae_snake_entry_warm_welcome, basic_altar
Lair:3:   layout_small_grid, nicolae_shoals_entry_roost
Lair:4:   layout_loops_ring, nicolae_slime_entry_slimehenge
Lair:5:   wormcave, layout_cave_pods, guppyfry_lair_end_dragon

Skill      XL: |  1  2  3  4  5  6  7  8  9 10 11 12 13 14 |
---------------+-------------------------------------------+-----
Spellcasting   | 5 6 7 8 9 10 | 10.9
Short Blades   | 1 2 3 5 6 7 8 9 |  9.7
Long Blades    | 1 2 3 5 6 7 8 9 |  9.7
Axes           | 1 2 3 5 6 7 8 9 |  9.7
Maces & Flails | 1 2 3 5 6 7 8 9 |  9.7
Staves         | 1 2 3 5 6 7 8 9 |  9.7
Ranged Weapons | 1 2 3 5 6 7 8 9 |  9.7
Throwing       | 1 2 3 5 6 7 8 9 |  9.7
Armour         | 1 2 3 5 6 7 8 9 |  9.7
Stealth        | 1 2 3 5 6 7 8 9 |  9.7
Shields        | 1 2 3 5 6 7 8 9 |  9.7
Unarmed Combat | 1 2 3 5 6 7 8 9 |  9.7
Invocations    | 1 2 3 4 5 6 7 8 10 | 10.5
Evocations     | 1 2 3 5 6 7 8 9 |  9.7
Shapeshifting  | 1 2 3 4 5 6 7 8 |  8.9
Hexes          | 1 2 3 4 5 6 7 8 |  8.1
Summonings     | 1 2 3 4 5 6 7 8 |  8.1
Necromancy     | 1 2 3 4 5 6 7 8 |  8.1
Translocations | 1 2 3 4 5 6 7 8 |  8.1
Fire Magic     | 1 2 3 4 5 6 7 8 |  8.1
Ice Magic      | 1 2 3 4 5 6 7 8 |  8.1
Air Magic      | 1 2 3 4 5 6 7 8 |  8.1
Earth Magic    | 1 2 3 4 5 6 7 8 |  8.1
Alchemy        | 1 2 3 4 5 6 7 8 |  8.1
Fighting       | 5 6 7 8 9 10 | 10.7
Dodging        | 5 6 7 8 9 10 | 10.7
Polearms       | 7 8 9 10 11 | 11.6
Conjurations   | 6 7 8 9 |  9.8

Action                     |  1- 3 |  4- 6 |  7- 9 | 10-12 | 13-15 || total
---------------------------+-------+-------+-------+-------+-------++-------
  Melee: Spear             |    87 |   285 |       |   227 |   286 ||   885
         Bite              |     3 |    27 |    69 |   158 |   153 ||   410
         Punch             |       |    10 |     6 |       |       ||    16
         Trident           |       |    27 |   523 |   937 |   561 ||  2048
         Halberd           |       |       |   184 |       |       ||   184
   Fire: Sling             |       |       |       |   143 |     1 ||   144
  Throw: Stone             |     3 |    19 |    13 |     8 |       ||    43
         Dart              |       |       |    37 |    99 |    53 ||   189
   Cast: Hailstorm         |       |       |       |    10 |    64 ||    74
         Ozocubu's Armour  |       |       |       |       |    20 ||    20
 Invoke: Draw Destruction  |       |     2 |     5 |     5 |     9 ||    21
         Draw Summoning    |       |     1 |       |     1 |     2 ||     4
         Draw Escape       |       |       |       |     1 |     4 ||     5
         Stack Five        |       |       |       |       |     1 ||     1
  Evoke: Wand              |       |       |       |     2 |     3 ||     5
    Use: Scroll            |       |       |     5 |     6 |     5 ||    16
         Potion            |       |       |       |     3 |       ||     3
   Stab: Sleeping          |     1 |       |     2 |     4 |     4 ||    11
         Distracted        |       |       |     1 |     2 |       ||     3
         Paralysed         |       |       |       |     7 |     5 ||    12
 Armour: Leather armour    |    24 |    40 |   212 |   305 |   313 ||   894
         Ring mail         |       |    66 |    67 |       |       ||   133
  Dodge: Dodged            |    26 |   138 |   547 |   645 |   464 ||  1820
  Block: Buckler           |       |       |    24 |    85 |       ||   109
         Kite shield       |       |       |       |   452 |   488 ||   940

Table legend: (Time is in decaauts)
 A = Elapsed time spent in this place.
 B = Non-inter-level travel time spent in this place.
 C = Inter-level travel time spent in this place.
 D = Time resting spent in this place.
 E = Time spent auto-exploring this place.
 F = Levels seen in this place.
 G = Mean time per level.
                   A        B        C        D        E       F      G
               +--------+--------+--------+--------+--------+-----+--------+
         Total |  24490 |  23504 |    986 |   5702 |   7287 |  18 | 1360.6 |
       Dungeon |  15788 |  15020 |    768 |   3552 |   5252 |  12 | 1315.7 |
          Lair |   8045 |   7827 |    218 |   1887 |   2034 |   5 | 1609.0 |
         Sewer |    657 |    657 |      0 |    263 |      0 |   1 |  657.0 |
               +--------+--------+--------+--------+--------+-----+--------+

Top non-repeatable levels by time:
     D:8: 2412 daAuts
  Lair:5: 2398 daAuts
     D:7: 1994 daAuts
     D:9: 1938 daAuts
  Lair:1: 1874 daAuts
     D:6: 1761 daAuts
  Lair:2: 1575 daAuts
     D:4: 1454 daAuts
     D:5: 1205 daAuts
    D:11: 1205 daAuts
     D:3: 1188 daAuts
  Lair:4: 1177 daAuts
     D:2: 1174 daAuts
  Lair:3: 1019 daAuts
     D:1: 752 daAuts
